 Dungeon Sprint DCSS version 0.30.1-3-gfc49f6343a (webtiles) character file.

Game seed: 7404872282697585048

110 Groucho the Poker (level 4, -5/43 HPs)
             Began as a Gnoll Cinder Acolyte on July 23, 2023.
             Was a High Priest of Ignis.
             Slain by a two-headed ogre
             ... wielding a +0 giant spiked club
              (6 damage)
             ... in the Dungeon (Sprint IX: "|||||||||||||||||||||||||||||").
             The game lasted 00:01:28 (629 turns).

Groucho the Poker (Gnoll Cinder Acolyte)             Turns: 629, Time: 00:01:28

Health: -5/43      AC: 10    Str: 15    XL:     4   Next: 91%
Magic:  10/10      EV: 10    Int: 13    God:    Ignis [*****.]
Gold:   0          SH:  0    Dex:  8    Spells: 11/11 levels left

rFire   + . .        p - +2 halberd (flame)
rCold   . . .        (shield currently unavailable)
rNeg    . . .        o - +1 scale mail
rPois   .            m - +0 helmet
rElec   .            (no cloak)
rCorr   .            (no gloves)
SInv    .            n - +0 pair of boots
Will    .....        (no amulet)
Stlth   +            (no ring)
HPRegen 0.27/turn    (no ring)
MPRegen 0.12/turn

%: no teleportation
@: no status effects
A: fangs 1, strong nose, distributed training
a: Renounce Religion, Fiery Armour, Foxfire Swarm, Rising Flame


You were in the Dungeon.
You worshipped Ignis.
Ignis was extremely pleased with you.
You visited 1 branch

Inventory:

Hand Weapons
 p - a +2 halberd of flaming (weapon)
 q - the +2 morningstar of the Saviour {flame, Will+ rCorr Dex+3}
   (You found it in the Dungeon)

   Dex:       It affects your dexterity (+3).
   rCorr:     It protects you from acid and corrosion.
   Will:      It increases your willpower.
Armour
 b - a +0 robe
 m - a +0 helmet (worn)
 n - a +0 pair of boots (worn)
 o - a +1 scale mail (worn)
Jewellery
 k - a +3 ring of strength
 l - a +2 ring of protection
Wands
 j - a wand of acid (10)
Scrolls
 h - 2 scrolls of blinking
 i - 2 scrolls of amnesia
Potions
 c - 5 potions of curing
 d - 3 potions of heal wounds
 e - a potion of haste
 f - 4 potions of magic
 g - a potion of invisibility


   Skills:
 + Level 7.3 Fighting
 + Level 3.1 Short Blades
 + Level 3.1 Long Blades
 + Level 3.1 Axes
 + Level 3.1 Maces & Flails
 + Level 7.3 Polearms
 + Level 3.1 Staves
 + Level 3.1 Ranged Weapons
 + Level 3.1 Throwing
 + Level 3.1 Armour
 + Level 3.1 Dodging
 + Level 3.1 Stealth
 + Level 3.1 Shields
 + Level 3.1 Unarmed Combat
 + Level 4.3 Spellcasting
 + Level 2.5 Conjurations
 + Level 2.5 Hexes
 + Level 2.5 Summonings
 + Level 2.5 Necromancy
 + Level 2.5 Translocations
 + Level 2.5 Transmutations
 + Level 6.1 Fire Magic
 + Level 2.5 Ice Magic
 + Level 2.5 Air Magic
 + Level 2.5 Earth Magic
 + Level 2.5 Poison Magic
 + Level 3.5 Invocations
 + Level 3.1 Evocations


You had 11 spell levels left.
You didn't know any spells.
Your spell library contained the following spells:

 Spells                   Type           Power      Damage    Failure   Level
 Scorch                   Fire           36%        2d7       10%         2


Dungeon Overview and Level Annotations

Branches:
Dungeon (1/1)

Altars:
Cheibriados
Dithmenos
Elyvilon
Fedhas
Gozag
Hepliaklqana
Kikubaaqudgha
Makhleb
Nemelex Xobeh
Okawaru
Qazlal
Ru
Sif Muna
Trog
Uskayaw
Vehumet
Wu Jian
Xom
Yredelemnul
Zin
The Shining One
Jiyva
Lugonu


Innate Abilities, Weirdness & Mutations

You have very sharp teeth.
Your uncanny sense of smell can sniff out nearby items.
Your experience applies equally to all skills.


Message History

You see here a +0 pair of boots.
n - a +0 pair of boots You start putting on your armour.
You continue putting on your +0 pair of boots. x4
You finish putting on your +0 pair of boots.
You see here a +1 scale mail.
o - a +1 scale mail
Okay, then.
You start removing your armour.
You continue taking off your +0 robe. x4
You finish taking off your +0 robe.
You start putting on your armour.
You continue putting on your +1 scale mail. x5
You finish putting on your +1 scale mail.
Okay, then.
Items here: )))))).
Items here: )))))).
p - a +2 halberd of flaming
q - the +2 morningstar of the Saviour {flame, Will+ rCorr Dex+3} Unknown command.
Your -1 spear of flaming stops flaming.
Your +2 halberd of flaming bursts into flame!
p - a +2 halberd of flaming (weapon)
You drop a -1 spear of flaming.
Unknown command.
You open the door.
A two-headed ogre, a yak, a centaur and 3 orcs come into view.
The two-headed ogre shouts in stereo!
The yak bellows!
The centaur shouts!
The orc warrior shouts!
You slash the two-headed ogre! You burn the two-headed ogre.
You bite the two-headed ogre, but do no damage.
The two-headed ogre is moderately wounded.
The two-headed ogre hits you with a +0 giant spiked club!
The two-headed ogre hits you with a +0 giant club!!
* * * LOW HITPOINT WARNING * * *
You are too injured to fight recklessly!
The two-headed ogre attacks as you move away!
The two-headed ogre hits you with a +0 giant spiked club!
* * * LOW HITPOINT WARNING * * *
The two-headed ogre hits you with a +0 giant club.
You die...

▓.▓
▓.▓
▓)▓
▓.▓
▓.▓
▓.▓
▓.▓
▓.▓
▓@▓
∆
▓O▓
∆
▓Y▓
∆
▓c▓
∆
▓o▓
▓o▓
∆
▓.▓
▓o▓
∆


You could see a two-headed ogre, a yak, 2 orc warriors, a centaur and an orc
wizard.

Vanquished Creatures
  A scorpion (D)
  A jelly (D)
  An adder (D)
  An ufetubus (D)
  A dart slug (D)
  An endoplasm (D)
  A hobgoblin (D)
  A jackal (D)
  A quokka (D)
  A frilled lizard (D)
10 creatures vanquished.

Notes
Turn   | Place    | Note
-------+----------+-------------------------------------------
     0 | D        | Groucho the Gnoll Cinder Acolyte began the quest for the
                  | Orb.
     0 | D        | Reached XP level 1. HP: 23/23 MP: 4/4
    16 | D        | Banished a spatial maelstrom
    18 | D        | Reached skill level 1 in Invocations
    24 | D        | Reached skill level 1 in Short Blades
    24 | D        | Reached skill level 1 in Long Blades
    24 | D        | Reached skill level 1 in Axes
    24 | D        | Reached skill level 1 in Maces & Flails
    24 | D        | Reached skill level 1 in Staves
    24 | D        | Reached skill level 1 in Ranged Weapons
    24 | D        | Reached skill level 1 in Throwing
    24 | D        | Reached skill level 1 in Armour
    24 | D        | Reached skill level 1 in Dodging
    24 | D        | Reached skill level 1 in Stealth
    24 | D        | Reached skill level 1 in Shields
    24 | D        | Reached skill level 1 in Unarmed Combat
    24 | D        | Reached skill level 1 in Evocations
   249 | D        | Noticed a scorpion
   249 | D        | Noticed a jelly
   258 | D        | Reached skill level 1 in Conjurations
   258 | D        | Reached skill level 1 in Hexes
   258 | D        | Reached skill level 1 in Summonings
   258 | D        | Reached skill level 1 in Necromancy
   258 | D        | Reached skill level 1 in Translocations
   258 | D        | Reached skill level 1 in Transmutations
   258 | D        | Reached skill level 1 in Ice Magic
   258 | D        | Reached skill level 1 in Air Magic
   258 | D        | Reached skill level 1 in Earth Magic
   258 | D        | Reached skill level 1 in Poison Magic
   258 | D        | Reached XP level 2. HP: 25/29 MP: 6/6
   260 | D        | Killed a scorpion
   261 | D        | Reached XP level 3. HP: 32/36 MP: 8/8
   261 | D        | Reached XP level 4. HP: 38/43 MP: 9/9
   541 | D        | Found a snail-covered altar of Cheibriados.
   541 | D        | Found a shadowy altar of Dithmenos.
   541 | D        | Found a white marble altar of Elyvilon.
   541 | D        | Found a blossoming altar of Fedhas.
   541 | D        | Found an opulent altar of Gozag.
   542 | D        | Found a hazy altar of Hepliaklqana.
   543 | D        | Found a viscous altar of Jiyva.
   544 | D        | Found an ancient bone altar of Kikubaaqudgha.
   545 | D        | Found a corrupted altar of Lugonu.
   546 | D        | Found a burning altar of Makhleb.
   547 | D        | Found a sparkling altar of Nemelex Xobeh.
   548 | D        | Found an iron altar of Okawaru.
   549 | D        | Found a stormy altar of Qazlal.
   550 | D        | Found a sacrificial altar of Ru.
   551 | D        | Found a shimmering blue altar of Sif Muna.
   552 | D        | Found a bloodstained altar of Trog.
   553 | D        | Found a hide-covered altar of Uskayaw.
   554 | D        | Found a radiant altar of Vehumet.
   555 | D        | Found an ornate altar of the Wu Jian Council.
   556 | D        | Found a shimmering altar of Xom.
   557 | D        | Found a basalt altar of Yredelemnul.
   558 | D        | Found a glowing silver altar of Zin.
   559 | D        | Found a glowing golden altar of the Shining One.
   618 | D        | Got the +2 morningstar of the Saviour {flame, Will+ rCorr
                  | Dex+3}
   627 | D        | Noticed a two-headed ogre
   627 | D        | Noticed a yak
   627 | D        | Noticed a centaur
   627 | D        | Noticed an orc warrior
   627 | D        | Noticed an orc warrior
   629 | D        | HP: 1/43 [two-headed ogre/+0 giant spiked club (8)]
   629 | D        | Slain by a two-headed ogre

Illustrated notes

Levels and vault maps discovered:
D:        linesprint [early_d, line_temple, items_1, d_10, items_2, lair_1,
          lair_end, items_3, orc_1, orc_end, items_4, d_15, swamp_1, shoals_1,
          snake_1, spider_1, d_20, vaults_1, items_5, swamp_end, shoals_end,
          snake_end, spider_end, vaults_end, d_27, items_6, zot_1, zot_end,
          crypt_end, forest_end, elf_end, slime_end, tomb_end, abyss_end,
          pan_hell_end]

Skill      XL: |  1  2  3  4 |
---------------+-------------+-----
Invocations    | 1 2 3 |  3.5
Short Blades   | 1 2 3 |  3.1
Long Blades    | 1 2 3 |  3.1
Axes           | 1 2 3 |  3.1
Maces & Flails | 1 2 3 |  3.1
Staves         | 1 2 3 |  3.1
Ranged Weapons | 1 2 3 |  3.1
Throwing       | 1 2 3 |  3.1
Armour         | 1 2 3 |  3.1
Dodging        | 1 2 3 |  3.1
Stealth        | 1 2 3 |  3.1
Shields        | 1 2 3 |  3.1
Unarmed Combat | 1 2 3 |  3.1
Evocations     | 1 2 3 |  3.1
Spellcasting   | 3 4 |  4.3
Conjurations   | 1 2 |  2.5
Hexes          | 1 2 |  2.5
Summonings     | 1 2 |  2.5
Necromancy     | 1 2 |  2.5
Translocations | 1 2 |  2.5
Transmutations | 1 2 |  2.5
Ice Magic      | 1 2 |  2.5
Air Magic      | 1 2 |  2.5
Earth Magic    | 1 2 |  2.5
Poison Magic   | 1 2 |  2.5
Fighting       | 7 |  7.3
Polearms       | 7 |  7.3
Fire Magic     | 6 |  6.1

Action                     |  1- 3 |  4- 6 || total
---------------------------+-------+-------++-------
  Melee: Spear             |    29 |     7 ||    36
         Punch             |     1 |       ||     1
         Bite              |     1 |     2 ||     3
         Halberd           |       |     1 ||     1
    Use: Potion            |     1 |       ||     1
 Armour: Robe              |     4 |       ||     4
  Dodge: Dodged            |    20 |     1 ||    21
